 Dungeon Crawl Stone Soup version 0.19.5 (webtiles) character file.

131 AAAAA the Sneak (level 4, -3/33 HPs)
             Began as a Vampire Assassin on Apr 15, 2017.
             Killed by nerve-wracking pain
             ... invoked by Presbiter's ghost
              (14 damage)
             ... on level 3 of the Dungeon.
             The game lasted 00:03:48 (1852 turns).

AAAAA the Sneak (Vampire Assassin)                  Turns: 1852, Time: 00:03:49

Health: -3/33      AC: 13    Str: 10    XL:     4   Next: 91%
Magic:  4/4        EV: 10    Int: 13    God:
Gold:   118        SH:  0    Dex: 16    Spells: 0 memorised, 3 levels left

rFire  . . .     SeeInvis +     a - +2 dagger
rCold  . . .     Gourm    .     m - +3 ring mail
rNeg   . . .     Faith    .     (no shield)
rPois  .         Spirit   .     r - +2 helmet
rElec  .         Reflect  .     d - +0 cloak
rCorr  .         Harm     .     (no gloves)
MR     .....                    i - +0 pair of boots
Stlth  +++.......               (no amulet)
                                (no ring)
                                (no ring)

@: regenerating quickly
A: fangs 3, see invisible, unbreathing
a: no special abilities


You were on level 3 of the Dungeon.
You were almost alive.

You visited 1 branch of the dungeon, and saw 3 of its levels.

You collected 118 gold pieces.

Inventory:

Hand Weapons
 a - a +2 dagger (weapon)
 b - a +0 blowgun
Missiles
 e - 8 poisoned needles
 f - 2 curare-tipped needles
Armour
 c - a +0 robe
 d - a +0 cloak (worn)
 i - a +0 pair of boots (worn)
 m - a +3 ring mail (worn)
 r - a +2 helmet (worn)
Wands
 g - a wand of polymorph (0/24)
 p - a wand of slowing (22/48)
Scrolls
 h - 2 scrolls of immolation {unknown}
 j - a scroll of recharging {unknown}
 k - 4 scrolls of identify {unknown}
 l - 2 scrolls of remove curse {unknown}
 n - 3 scrolls of random uselessness {unknown}
 o - a scroll of fog {unknown}
 s - a scroll of blinking {unknown}
 t - a scroll of enchant weapon {unknown}
Potions
 q - 2 potions of blood


   Skills:
 - Level 1.7 Fighting
 + Level 4.4 Short Blades
 - Level 1.5 Throwing
 - Level 1.1 Dodging
 + Level 7.7 Stealth


You had 3 spell levels left.
You didn't know any spells.

Dungeon Overview and Level Annotations

Branches:
Dungeon (3/15)

Altars:

Annotations:
D:3 Presbiter's ghost, weakling DsNe


Innate Abilities, Weirdness & Mutations

Your natural rate of healing is unusually fast.
You have razor-sharp teeth.
You have supernaturally acute eyesight. (SInv)
You can survive without breathing.


Message History

Presbiter's ghost is severely damaged.
Presbiter's ghost hits you but does no damage.
You hit Presbiter's ghost but do no damage.
Presbiter's ghost is severely damaged.
You barely miss Presbiter's ghost.
You bite Presbiter's ghost, but do no damage.
Presbiter's ghost is severely damaged.
Presbiter's ghost hits you.
You hit Presbiter's ghost.
Presbiter's ghost is severely damaged.
Presbiter's ghost hits you but does no damage.
You hit Presbiter's ghost.
Presbiter's ghost is almost destroyed.
Presbiter's ghost is infused with unholy energy.
Presbiter's ghost draws life force from you and is healed!
You hit Presbiter's ghost.
Presbiter's ghost is severely damaged.
Presbiter's ghost points at you and mumbles some strange words.
Pain shoots through your body!
You die...

## #. #. #. ####.##
###.....######
.............######
##........##W.....#
8.........##@.....#
..................#
.........###......#
...##......<......#
.........##########
.. ####..#


You could see Presbiter's ghost.

Vanquished Creatures
  Ijyb (D:2)
  Robin (D:2)
  3 adders (D:2)
  An ooze (D:2)
  2 worms (D:2)
  A dart slug (D:1)
  2 leopard geckos
  2 giant cockroaches
  8 goblins
  13 hobgoblins
  2 ball pythons (D:2)
  3 bats
  10 frilled lizards
  6 kobolds
  A rat (D:2)
56 creatures vanquished.

Notes
Turn   | Place    | Note
-------+----------+-------------------------------------------
     0 | D:1      | AAAAA the Vampire Assassin began the quest for the Orb.
     0 | D:1      | Reached XP level 1. HP: 16/16 MP: 1/1
    59 | D:1      | Reached skill level 6 in Stealth
   343 | D:1      | Reached XP level 2. HP: 22/22 MP: 2/2
  1023 | D:2      | Noticed Ijyb
  1133 | D:2      | Killed Ijyb
  1133 | D:2      | Reached XP level 3. HP: 27/27 MP: 3/3
  1257 | D:2      | Noticed Robin
  1291 | D:2      | Reached skill level 7 in Stealth
  1321 | D:2      | Killed Robin
  1321 | D:2      | Reached XP level 4. HP: 28/33 MP: 4/4
  1808 | D:3      | Noticed Presbiter's ghost (weakling DsNe)
  1852 | D:3      | Killed from afar by Presbiter's ghost

Skill      XL: |  1  2  3  4 |
---------------+-------------+-----
Stealth        | 6 7 |  7.7
Short Blades   | 3 4 |  4.4
Fighting       | |  1.7
Throwing       | |  1.5
Dodging        | |  1.1

Action                   |  1- 3 |  4- 6 || total
-------------------------+-------+-------++-------
Melee: Dagger            |    99 |   119 ||   218
       Bite              |     8 |    12 ||    20
       Unarmed           |    38 |       ||    38
  Use: Potion            |     8 |     6 ||    14
 Stab: Sleeping          |     4 |     5 ||     9
Armor: Robe              |     9 |       ||     9
       Skin              |     1 |       ||     1
       Ring mail         |    15 |    39 ||    54
Dodge: Dodged            |    53 |    54 ||   107
